 Seeded DCSS version 0.30.1-9-gdf580d7c3d (webtiles) character file.

Game seed: 7229806256980976716 (custom seed)

10200 Psyclone the Thaumaturge (level 11, 68/68 HPs)
             Began as a Deep Elf Venom Mage on Oct 4, 2023.
             Quit the game on level 9 of the Dungeon.
             The game lasted 00:37:00 (8310 turns).

Psyclone the Thaumaturge (Deep Elf Venom Mage)      Turns: 8310, Time: 00:37:01

Health: 68/68      AC:  9    Str:  5    XL:     11   Next: 33%
Magic:  33/40      EV: 16    Int: 30    God:
Gold:   79         SH:  0    Dex: 15    Spells: 10/34 levels left

rFire   + + +        d - +3 Elemental Staff {rElec rF+ rC+ AC+3}
rCold   + . .        (no shield)
rNeg    + . .        a - +0 robe
rPois   +            e - +1 hat "Geale" {rF++ rN+ rCorr MP+9}
rElec   +            (no cloak)
rCorr   +            q - +0 pair of gloves
SInv    +            J - +1 pair of boots
Will    +....        (no amulet)
Stlth   ++           f - ring of Gocsenn {Wiz Contam rPois Int+5 SInv}
HPRegen 0.31/turn    (no ring)
MPRegen 0.27/turn

%: wizardry (x1)
@: no status effects
A: high MP 1, wild magic 1, MP-powered wands
a: no special abilities


You were on level 9 of the Dungeon.
You visited 1 branch of the dungeon, and saw 10 of its levels.
You also visited: Ossuary and Bailey.

You collected 417 gold pieces.
You spent 338 gold pieces at shops.

Inventory:

Hand Weapons
 d - the +3 Elemental Staff (weapon) {rElec rF+ rC+ AC+3}
   (You acquired it on level 1 of the Dungeon)

   It enhances your fire, ice, earth and air magic.
   AC:        It affects your AC (+3).
   rF:        It protects you from fire.
   rC:        It protects you from cold.
   rElec:     It insulates you from electricity.
Missiles
 i - a throwing net {!f}
Armour
 a - a +0 robe (worn)
 e - the +1 hat "Geale" (worn) {rF++ rN+ rCorr MP+9}
   (You acquired it on level 1 of the Dungeon)

   rF:        It greatly protects you from fire.
   rN:        It protects you from negative energy.
   MP:        It affects your magic capacity (+9).
   rCorr:     It protects you from acid and corrosion.
 q - a +0 pair of gloves (worn)
 J - a +1 pair of boots (worn)
Jewellery
 f - the ring of Gocsenn (left hand) {Wiz Contam rPois Int+5 SInv}
   (You acquired it on level 1 of the Dungeon)

   [ring of wizardry]

   It improves your spell success rate.
   Int:       It affects your intelligence (+5).
   rPois:     It protects you from poison.
   SInv:      It lets you see invisible.
   Contam:    It causes magical contamination when unequipped.
Scrolls
 b - 3 scrolls of vulnerability {unknown}
 c - 3 scrolls of amnesia {unknown}
 g - a scroll of blinking
 h - 9 scrolls of identify {unknown}
 k - 2 scrolls of enchant armour {unknown}
 l - a scroll of teleportation {unknown}
 r - 2 scrolls of poison {unknown}
 u - a scroll of brand weapon {unknown}
 y - 2 scrolls of magic mapping {unknown}
 A - a scroll of butterflies {unknown}
 B - a scroll of fog {unknown}
 D - 2 scrolls of silence {unknown}
 F - a scroll of fear {unknown}
 I - a scroll of torment {unknown}
Potions
 j - 4 potions of might {unknown}
 n - 3 potions of brilliance {unknown}
 o - 4 potions of curing
 p - 3 potions of mutation
 s - 4 potions of attraction {unknown}
 t - 2 potions of lignification {unknown}
 v - 2 potions of cancellation {unknown}
 w - a potion of degeneration {unknown}
 x - 2 potions of flight {unknown}
 z - a potion of ambrosia {unknown}
 C - a potion of berserk rage {unknown}
 E - 2 potions of haste {unknown}
 G - 3 potions of heal wounds
 H - a potion of resistance {unknown}


   Skills:
 - Level 8.0 Fighting
 - Level 8.0 Dodging
 - Level 2.4 Stealth
 - Level 12.0 Spellcasting
 - Level 4.0 Necromancy
 - Level 5.4 Transmutations
 * Level 4.8 Ice Magic
 - Level 6.9 Air Magic
 - Level 6.0 Poison Magic


You had 10 spell levels left.
You knew the following spells:

 Your Spells              Type           Power      Damage    Failure   Level
a - Poisonous Vapours     Pois/Air       100%       N/A       1%          2
b - Dispel Undead         Necr           53%        3d19      3%          4
d - Mephitic Cloud        Conj/Pois/Air  72%        N/A       1%          3
f - Freezing Cloud        Conj/Ice/Air   44%        6-21      9%          5
s - Ignite Poison         Fire/Tmut/Pois 68%        N/A       1%          3
v - Sting                 Tmut/Pois      100%       1d8       1%          1
x - Olgreb's Toxic Radia  Pois           63%        N/A       1%          4
y - Cigotuvi's Dreadful   Necr/Pois/Air  100%       N/A       1%          2

Your spell library contained the following spells:

 Spells                   Type           Power      Damage    Failure   Level
 Petrify                  Tmut/Erth      61%        N/A       6%          4
 Metabolic Englaciation   Hex/Ice        29%        N/A       16%         5
 Death Channel            Necr           26%        N/A       38%         6
 Statue Form              Tmut/Erth      40%        N/A       54%         6


Dungeon Overview and Level Annotations

Branches:
Dungeon (10/15) Zot: 26450  Temple (0/1) D:4         Ossuary (visited)
 Bailey (visited)
   Lair: D:8-11         Orc: D:9-12

Altars:
Elyvilon
Gozag
Qazlal
Zin
The Shining One

Shops:
D:6 :   D:10 :


Innate Abilities, Weirdness & Mutations

You have an increased reservoir of magic. (+10% MP)
Your spells are a little harder to cast, but a little more powerful.
You expend magic power (3 MP) to strengthen your wands.


Message History

You ignite the poison in your surroundings!
The yak seems to burn from within!!!
You kill the yak!
The yak seems to burn from within!!!
You kill the yak!
You now have 18/40 mp.
Your toxic aura wanes.
You see here a yak corpse.
Casting: Ignite Poison (safe; 1% risk of failure)
Confirm with . or Enter, or press ? or * to list all spells.
Aiming: Poisonous Vapours (safe; 1% risk of failure)
Press: ? - help, Dir - move target, f - yak
Aim: a yak (heavily wounded, very poisoned)
You feel a surge of power!
Poisonous vapours surround the yak!
The yak looks as sick as possible!
The yak completely misses you.
You now have 17/40 mp.
Casting: Poisonous Vapours (safe; 1% risk of failure)
Confirm with . or Enter, or press ? or * to list all spells.
You feel a surge of power!
You ignite the poison in your surroundings!
The yak seems to burn from within!!!
You kill the yak!
You now have 14/40 mp.
There is an opulent altar of Gozag here.
You see here a yak corpse.
You now have 72 gold pieces (gained 16).
Health restored: 68
(D) Dungeon (T) Temple
Where to? (Enter - D:6, ? - help)
There is a stone staircase leading up here.
You climb upwards.
There is a stone staircase leading down here.
There is an open door here.
There is an open door here.
You now have 79 gold pieces (gained 7).
There is an open door here.
There is an open door here.
You see here 9 stones.
There is a stone staircase leading up here.
Are you sure you want to abandon this character and quit the game? (Confirm with "yes".)

#.....#.........##.
#.....##...##...# #
#.....###+###...#
#..........#....#
#....(.....+....#
#..........# ...#
#.....##+### .#
#.....## #.@....#
#......# #......#
#......# ##....##
#.>..# .....#
.....#


There were no monsters in sight!

Vanquished Creatures
  An orc warlord (Bailey)
  A two-headed ogre (D:10)
  An orc knight (Bailey)
  5 yaks (D:10)
  The ghost of mkat the Skirmisher, an amateur GnHu (D:3)
  14 orc warriors
  2 hornet zombies (Ossuary)
  A centaur (D:8)
  3 wyvern zombies
  2 scorpions
  2 water moccasin zombies (Ossuary)
  2 wights (D:8)
  5 killer bees (D:9)
  2 electric eels (D:6)
  3 bullfrog zombies (Ossuary)
  2 centaur zombies (Ossuary)
  A jelly (D:2)
  3 orc priests
  2 bullfrog skeletons (D:3)
  2 sleepcaps
  3 killer bee zombies (Ossuary)
  16 mummies
  2 howler monkey zombies (Ossuary)
  5 gnolls (Bailey)
  A howler monkey skeleton (D:3)
  7 adders
  A shadow imp (D:5)
  An ufetubus (D:3)
  3 worms
  17 orcs
  6 ball pythons
  5 bats
  4 endoplasms
  6 giant cockroaches
  16 goblins
  15 hobgoblins
  20 jackals
  A kobold (D:4)
  4 quokkas
  A frilled lizard (D:1)
  A goblin zombie (D:4)
  An orc zombie (D:4)
  4 rats
195 creatures vanquished.

Notes
Turn   | Place    | Note
-------+----------+-------------------------------------------
     0 | D:1      | Psyclone the Deep Elf Venom Mage began the quest for the
                  | Orb.
     0 | D:1      | Reached XP level 1. HP: 10/10 MP: 6/6
    60 | D:1      | Identified 3 scrolls of acquirement
    60 | D:1      | Acquired the +3 Elemental Staff {rElec rF+ rC+ AC+3}
    60 | D:1      | Found the +3 Elemental Staff {rElec rF+ rC+ AC+3}
   539 | D:1      | Acquired the +1 hat "Geale" {rF++ rN+ rCorr MP+9}
   558 | D:1      | Acquired the ring of Gocsenn {Wiz Contam rPois Int+5 SInv}
   736 | D:1      | Gained mutation: You expend magic power (3 MP) to
                  | strengthen your wands. [potion of mutation]
   736 | D:1      | Gained mutation: You have an increased reservoir of magic.
                  | (+10% MP) [potion of mutation]
   736 | D:1      | Gained mutation: Your spells are a little harder to cast,
                  | but a little more powerful. [potion of mutation]
  1037 | D:1      | Reached skill level 1 in Necromancy
  1140 | D:1      | Reached XP level 2. HP: 15/15 MP: 8/8
  1184 | D:1      | Learned a level 2 spell: Poisonous Vapours
  1736 | D:2      | Reached XP level 3. HP: 19/19 MP: 4/10
  2033 | D:2      | Reached XP level 4. HP: 23/24 MP: 12/12
  2071 | D:2      | Reached skill level 4 in Spellcasting
  2888 | D:3      | Reached skill level 5 in Spellcasting
  2942 | D:3      | Found a runed translucent gate.
  2942 | D:3      | Found a runed translucent gate.
  2942 | D:3      | Found a runed translucent gate.
  2974 | D:3      | Learned a level 2 spell: Cigotuvi's Dreadful Rot
  2979 | D:3      | Learned a level 4 spell: Dispel Undead
  2984 | D:3      | Learned a level 4 spell: Olgreb's Toxic Radiance
  3229 | D:3      | Reached XP level 5. HP: 25/28 MP: 16/16
  3271 | D:3      | Found a glowing silver altar of Zin.
  3432 | D:3      | Noticed mkat's ghost (amateur GnHu)
  3445 | D:3      | Reached skill level 6 in Spellcasting
  3490 | D:3      | Killed mkat's ghost
  3491 | D:3      | Reached XP level 6. HP: 23/32 MP: 14/18
  3574 | D:3      | Reached skill level 5 in Poison Magic
  3673 | D:4      | Found a white marble altar of Elyvilon.
  3700 | D:4      | Reached skill level 1 in Fighting
  3737 | D:4      | Found a glowing golden altar of the Shining One.
  3958 | D:4      | Reached XP level 7. HP: 38/38 MP: 19/19
  3975 | D:4      | Found a staircase to the Ecumenical Temple.
  3984 | D:4      | Found a stormy altar of Qazlal.
  4179 | D:4      | Found a sand-covered staircase.
  4184 | Ossuary  | Entered an ossuary
  4666 | Ossuary  | Reached XP level 8. HP: 17/48 MP: 3/20
  4793 | Ossuary  | Reached skill level 5 in Fighting
  5527 | D:5      | Entered Level 5 of the Dungeon
  5630 | D:6      | Found Xixtot's Book Boutique.
  5651 | D:7      | Found a flagged portal.
  5664 | Bailey   | Entered a bailey
  5899 | Bailey   | Reached XP level 9. HP: 45/59 MP: 21/21
  6025 | Bailey   | Reached skill level 5 in Dodging
  6232 | Bailey   | Identified the +0 chain mail of Saogadd {rC+ rN+++ Str+2
                  | Int-2}
  6233 | Bailey   | Noticed an orc warlord
  6268 | Bailey   | Noticed an orc knight
  6301 | Bailey   | Killed an orc knight
  6528 | Bailey   | Reached skill level 7 in Spellcasting
  6842 | Bailey   | Killed an orc warlord
  6843 | Bailey   | Reached skill level 9 in Spellcasting
  6843 | Bailey   | Reached XP level 10. HP: 56/64 MP: 27/27
  6998 | Bailey   | Reached skill level 11 in Spellcasting
  6998 | Bailey   | Reached skill level 5 in Transmutations
  6998 | Bailey   | Reached XP level 11. HP: 68/68 MP: 31/31
  7019 | Bailey   | Learned a level 5 spell: Freezing Cloud
  7713 | D:9      | Reached skill level 12 in Spellcasting
  7770 | D:10     | Entered Level 10 of the Dungeon
  7771 | D:10     | Found Ycypaut's Book Shoppe.
  7778 | D:10     | Bought a Trismegistus Codex for 338 gold pieces
  7800 | D:9      | Learned a level 3 spell: Ignite Poison
  7859 | D:5      | Learned a level 3 spell: Mephitic Cloud
  7872 | D:6      | Reached skill level 1 in Ice Magic
  8164 | D:10     | Found an opulent altar of Gozag.
  8164 | D:10     | Noticed a two-headed ogre
  8177 | D:10     | Killed a two-headed ogre
  8310 | D:9      | Quit the game

Illustrated notes

Levels and vault maps discovered:
D:1:      spicycebolla_arrival_ecumenical, layout_loops_ring
D:2:      layout_basic
D:3:      layout_rooms, mainiacjoe_overflow_paths, gammafunk_ghost_necromancy
D:4:      layout_rooms, tso_metal_star, mainiacjoe_overflow_catwalk,
          elyvilon_altar_5, minmay_temple_entry_stoned_glass,
          nicolae_ossuary_entry_giza, minmay_misc_feat_square, minivault_4
D:5:      layout_basic
D:6:      kennysheep_six_static_rooms, layout_basic, serial_shops,
          nicolae_shop_stone, serial_bayou_lagoon_b
D:7:      layout_basic, enter_bailey_2
D:8:      minmay_recursive_quarters, layout_layer_cave
D:9:      layout_gridville, trog_book
D:10:     kb_forest_paths, layout_basic,
          nicolae_gozag_cash_rules_everything_around_me, serial_shops, shop,
          minmay_tree_intersection, kennysheep_path_1

Skill      XL: |  1  2  3  4  5  6  7  8  9 10 11 |
---------------+----------------------------------+-----
Necromancy     | 2 3 4 |  4.0
Spellcasting   | 5 6 9 11 12 | 12.0
Poison Magic   | 4 6 |  6.0
Fighting       | 1 4 7 8 |  8.0
Dodging        | 8 |  8.0
Transmutations | 5 |  5.4
Air Magic      | 6 |  6.9
Ice Magic      | 4 |  4.8
Stealth        | |  2.4

Action                     |  1- 3 |  4- 6 |  7- 9 | 10-12 || total
---------------------------+-------+-------+-------+-------++-------
  Melee: Staff             |    34 |    56 |    26 |     8 ||   124
         Punch             |     1 |     1 |       |       ||     2
   Cast: Sting             |    12 |    10 |     1 |     2 ||    25
         Poisonous Vapours |    28 |    47 |    39 |    13 ||   127
         Olgreb's Toxic Ra |       |     2 |    17 |     9 ||    28
         Dispel Undead     |       |     8 |    58 |     2 ||    68
         Cigotuvi's Dreadf |       |       |     2 |     1 ||     3
         Ignite Poison     |       |       |       |    10 ||    10
         Mephitic Cloud    |       |       |       |     2 ||     2
    Use: Scroll            |     3 |       |     1 |       ||     4
         Potion            |     1 |       |     4 |     2 ||     7
   Stab: Sleeping          |     2 |     1 |       |       ||     3
 Armour: Robe              |    15 |    32 |    30 |     3 ||    80
  Dodge: Dodged            |    30 |    59 |    41 |    21 ||   151
